52 min Insane Nailbiter Wreckfest of Doom

Match 36435603
End
Construct Infanterie Kompanie
Kettenkrad Recon Vehicle
Selects Mechanized Battlegroup
MG 42 Machine Gun Team
Grenadier Squad
Grenadier Squad
Construct Panzergrenadier Kompanie
251 Medium Carrier
Panzergrenadier Squad
Selects Raid Package
Selects Mobile Repair Stations
Pak 40 Anti-tank Gun Team
Panzergrenadier Officer Quarters
Panzergrenadier Squad
Selects Wespe Self-propelled Artillery
Wespe Self-propelled Artillery
251 Medium Carrier
MG 42 Machine Gun Team
Construct Panzer Kompanie
Selects 8 Rad Armored Car
Selects UNKNOWN (2160084)
Selects Zeroing Artillery Barrage
Zeroing Artillery Barrage
Panther Heavy Tank
Panzer Officer Quarters
Panther Heavy Tank
Construct Luftwaffe Kompanie
Pioneer Squad
Support Elements
Wespe Self-propelled Artillery
Zeroing Artillery Barrage
Wirbelwind Flakpanzer
Luftwaffe Officer Quarters
Kettenkrad Recon Vehicle
Pak 40 Anti-tank Gun Team
Panther Heavy Tank
Kettenkrad Recon Vehicle
MG 42 Machine Gun Team
Pioneer Squad
Pioneer Squad
Zeroing Artillery Barrage
Wespe Self-propelled Artillery
Panther Heavy Tank
Infanterie Officer Quarters
Panzergrenadier Squad
Zeroing Artillery Barrage
Panzergrenadier Squad
Unlucky Luke
Blade
✠ Failschirmjäger ✠
✠ Vandepotter ✠
My name is Inigo Montoya
.Mercury-uK
linebettle
陈浩南
0
0

Comments sign in to comment!

No comments posted yet!